 Seeded DCSS version 0.30-a0-845-g7c6808c8ce (webtiles) character file.

Game seed: 4290115023798346970 (custom seed)

7 demibob the Sneak (level 2, 17/17 HPs)
             Began as a Kobold Brigand on Mar 3, 2023.
             Quit the game on level 1 of the Dungeon.
             The game lasted 00:00:29 (313 turns).

demibob the Sneak (Kobold Brigand)                   Turns: 313, Time: 00:00:29

Health: 17/17      AC:  3    Str:  8    XL:     2   Next: 10%
Magic:  0/0        EV: 14    Int: 12    God:
Gold:   18         SH:  0    Dex: 16    Spells: 1/1 levels left

rFire   . . .      SeeInvis .    a - +6 quick blade "Zipaqefae" {antimagic, rCorr}
rCold   . . .      Faith    .    (no shield)
rNeg    . . .      Spirit   .    b - +0 robe
rPois   .          Reflect  .    (no helmet)
rElec   .          Rampage  .    c - +0 cloak
rCorr   +                        (no gloves)
Will    .....                    (no boots)
Stlth   ++++                     (no amulet)
HPRegen 0.22/turn                (no ring)
MPRegen 0.07/turn                (no ring)

@: no status effects
A: small, no large weapons, nightstalker 3
a: no special abilities


You were on level 1 of the Dungeon.
You visited 1 branch of the dungeon, and saw 1 of its levels.

You collected 18 gold pieces.


Innate Abilities, Weirdness & Mutations

You are small and have problems with some larger weapons.
You are completely attuned to the shadows.


   Skills:
 - Level 2.1 Fighting
 + Level 3.6 Short Blades
 - Level 2.1 Throwing
 - Level 1.2 Dodging
 - Level 5.3 Stealth


You had one spell level left.
You didn't know any spells.
Your spell library was empty.

Inventory:

Hand Weapons
 a - the +6 quick blade "Zipaqefae" (weapon) {antimagic, rCorr}
   (You acquired it on level 1 of the Dungeon)

   rCorr:     It protects you from acid and corrosion.
 g - a +2 dagger
Missiles
 d - 9 poisoned darts (quivered)
 e - 3 curare-tipped darts {=f}
Armour
 b - a +0 robe (worn)
 c - a +0 cloak (worn)
Potions
 f - a potion of berserk rage {unknown}

Dungeon Overview and Level Annotations

Branches:
Dungeon (1/15)

Altars:

####.#.##..#
.......##..#
####.#.##..#
#.#.##..# K#
#.#.##..###.#
#...........#
###.##..##..#
#.........#
####..#@..#
....##g##
###.. .# #.
.# .#


You could see a hobgoblin.


Message History

The bat is moderately wounded.
The bat misses you. The bat hits you but does no damage. The bat misses you.
You hit the bat.
The bat is severely wounded.
The bat hits you but does no damage. The bat closely misses you.
The bat closely misses you.
You barely miss the bat.
The bat is severely wounded.
The bat barely misses you. The bat closely misses you.
You closely miss the bat.
The bat is severely wounded.
The bat misses you. The bat misses you.
You hit the bat.
You kill the bat!
g - a scroll labelled AMI MASUSO This is a scroll of acquirement!
Something appears at your feet!
g - the +6 quick blade "Zipaqefae" {antimagic, rCorr} You feel magic leave you.
g - the +6 quick blade "Zipaqefae" (weapon)
{antimagic, rCorr} Adjust (i)tems, (s)pells, or (a)bilities?
g - the +6 quick blade "Zipaqefae" (weapon)
{antimagic, rCorr} Adjust to which letter? (? for menu, Esc to quit)
a - the +6 quick blade "Zipaqefae" (weapon)
{antimagic, rCorr}
g - a +2 dagger Setting a skill training target for Short Blades at 8.0.
A kobold and a hobgoblin come into view.
There are monsters nearby!
Are you sure you want to abandon this character and quit the game? (Confirm with "yes".)

Skill      XL: |  1 |
---------------+----+-----
Short Blades   | 3 |  3.6
Fighting       | |  2.1
Throwing       | |  2.1
Dodging        | |  1.2
Stealth        | |  5.3

Action                     || total
---------------------------++-------
  Melee: Dagger            ||    15
    Use: Scroll            ||     1
   Stab: Sleeping          ||     5
 Armour: Robe              ||     5
  Dodge: Dodged            ||    14

Levels and vault maps discovered:
D:1:      kennysheep_arrival_seaside, layout_basic, minmay_gold_behind_fungi,
          wander_ebering_terrifying_dragon_lair

Notes
Turn   | Place    | Note
-------+----------+-------------------------------------------
     0 | D:1      | demibob the Kobold Brigand began the quest for the Orb.
     0 | D:1      | Reached XP level 1. HP: 12/12 MP: 1/1
    46 | D:1      | Reached skill level 3 in Short Blades
   157 | D:1      | Reached XP level 2. HP: 17/17 MP: 2/2
   303 | D:1      | Identified a scroll of acquirement
   303 | D:1      | Acquired the +6 quick blade "Zipaqefae" {antimagic, rCorr}
   313 | D:1      | Quit the game

Vanquished Creatures
  2 bats (D:1)
  A goblin (D:1)
  A hobgoblin (D:1)
  A quokka (D:1)
  2 frilled lizards (D:1)
7 creatures vanquished.

Vanquished Creatures (others)
  3 toadstools (D:1)
3 creatures vanquished.

Grand Total: 10 creatures vanquished

Table legend: (Time is in decaauts)
 A = Elapsed time spent in this place.
 B = Non-inter-level travel time spent in this place.
 C = Inter-level travel time spent in this place.
 D = Time resting spent in this place.
 E = Time spent auto-exploring this place.
 F = Levels seen in this place.
 G = Mean time per level.
                   A        B        C        D        E       F      G
               +--------+--------+--------+--------+--------+-----+--------+
         Total |    310 |    310 |      0 |      0 |    264 |   1 |  310.0 |
       Dungeon |    310 |    310 |      0 |      0 |    264 |   1 |  310.0 |
               +--------+--------+--------+--------+--------+-----+--------+

Top non-repeatable levels by time:
     D:1: 310 daAuts

Table legend:
 A = Non-vault XP
 B = Vault XP
 C = Vault XP percentage of total XP
 D = Non-vault monster count
 E = Vault monster count
 F = Vault count percentage of total count
                 A         B        C        D         E       F
            +---------+---------+-------+---------+---------+-------
      Total |      11 |       0 |   0.0 |       7 |       0 |   0.0
            +---------+---------+-------+---------+---------+-------
        D:1 |      11 |       0 |   0.0 |       7 |       0 |   0.0
            +---------+---------+-------+---------+---------+-------
